 Dungeon Crawl Stone Soup version 0.20.1-1-g8b1a95d (webtiles) character file.

85 LadyOphelia the Cudgeler (level 4, -1/44 HPs)
             Began as a Troll Monk on Aug 13, 2017.
             Was an Initiate of Ru.
             Slain by a leopard gecko (2 damage)
             ... on level 3 of the Dungeon on Aug 14, 2017.
             The game lasted 00:15:58 (1893 turns).

LadyOphelia the Cudgeler (Troll Monk)               Turns: 1893, Time: 00:15:59

Health: -1/44      AC:  5    Str: 20    XL:     4   Next: 25%
Magic:  3/3        EV: 10    Int:  6    God:    Ru [......]
Gold:   137        SH:  0    Dex: 12    Spells: 3/3 levels left

rFire    . . .     SeeInvis .   a - +0 mace
rCold    . . .     Gourm    +   (no shield)
rNeg     . . .     Faith    .   b - +0 robe
rPois    .         Spirit   .   (helmet restricted)
rElec    .         Reflect  .   (no cloak)
rCorr    .         Harm     +   (gloves unavailable)
MR       .....                  (boots unavailable)
Stlth    ++........             m - amulet of harm
Regen    0.6/turn               (no ring)
MPRegen  0.1/turn               (no ring)

@: no status effects
A: unfitting armour, claws 3, fast metabolism 3, gourmand, regeneration 1,
shaggy fur 1, tough skin 2
a: Sacrifice Essence, Sacrifice Health, Sacrifice Purity, Reject Sacrifices,
Renounce Religion


You were on level 3 of the Dungeon.
You worshipped Ru.
Ru was noncommittal.
You were not hungry.

You visited 1 branch of the dungeon, and saw 3 of its levels.

You collected 137 gold pieces.

Inventory:

Hand Weapons
 a - a +0 mace (weapon)
 u - a +0 club
Armour
 b - a +0 robe (worn)
 g - a +0 pair of gloves
 i - a +0 leather armour
 p - a +0 helmet
Jewellery
 m - an amulet of harm (around neck)
Wands
 t - a wand of paralysis (15/24)
Scrolls
 e - 2 scrolls of magic mapping {unknown}
 h - 2 scrolls of enchant armour {unknown}
 j - a scroll of blinking {unknown}
 l - 2 scrolls of identify {unknown}
 q - a scroll of fog {unknown}
Potions
 d - 2 potions of curing {unknown}
 f - a potion of mutation {unknown}
 n - a potion of degeneration {unknown}
 o - a potion of magic {unknown}
 r - a potion of might {unknown}
 s - a potion of berserk rage {unknown}
Comestibles
 c - 2 bread rations
 k - a royal jelly


   Skills:
 - Level 2.7 Fighting
 + Level 3.8 Maces & Flails
 + Level 2.7 Dodging
 + Level 1.4 Stealth


You had 3 spell levels left.
You didn't know any spells.

Dungeon Overview and Level Annotations

Branches:
Dungeon (3/15)

Altars:
Ru
The Shining One


Innate Abilities, Weirdness & Mutations

You are too large for most types of armour.
You have claws for hands.
Your metabolism is lightning-fast.
You like to eat raw meat.
Your natural rate of healing is unusually fast.
You are covered in fur. (AC +1)
You have very tough skin. (AC +2)


Message History

The big kobold hits you but does no damage.
You closely miss the big kobold.
The big kobold is heavily wounded.
The leopard gecko bites you. The big kobold barely misses you.
You barely miss the big kobold.
The big kobold is heavily wounded.
The leopard gecko completely misses you.
The big kobold hits you with a short sword.
The leopard gecko bites you but does no damage.
You sock the big kobold!
The big kobold is almost dead.
The big kobold hits you with a short sword.
* * * LOW HITPOINT WARNING * * *
The leopard gecko closely misses you.
You miss the big kobold.
The big kobold is almost dead.
The big kobold hits you with a short sword.
* * * LOW HITPOINT WARNING * * *
The leopard gecko bites you.
You die...

#.##########.....#
##.## #.# #######
..# #.# #.# #.# .#
#.# # #.# #
#.########### #
#...(..()l..#### #
######..@K......
#.. #..........
##. #.......... #.
######.#### ## .#
# # # .


You could see a big kobold and a leopard gecko.

Vanquished Creatures
  An adder (D:3)
  An ooze (D:1)
  2 worms
  2 dart slugs (D:3)
  A leopard gecko (D:1)
  A ball python (D:1)
  7 bats
  3 giant cockroaches (D:1)
  4 goblins
  8 hobgoblins
  8 jackals
  3 frilled lizards
  6 kobolds
  13 rats
60 creatures vanquished.

Notes
Turn   | Place    | Note
-------+----------+-------------------------------------------
     0 | D:1      | LadyOphelia the Troll Monk began the quest for the Orb.
     0 | D:1      | Reached XP level 1. HP: 22/22 MP: 0/0
   110 | D:1      | Reached XP level 2. HP: 29/29 MP: 1/1
   234 | D:1      | Reached skill level 3 in Maces & Flails
   562 | D:1      | Reached XP level 3. HP: 34/36 MP: 2/2
  1208 | D:2      | You fall through a shaft!
  1260 | D:3      | Found a sacrificial altar of Ru.
  1276 | D:3      | Reached XP level 4. HP: 41/44 MP: 3/3
  1287 | D:3      | Became a worshipper of Ru the Awakened
  1357 | D:3      | Paralysed by fainting for 9 turns
  1373 | D:3      | Paralysed by fainting for 8 turns
  1576 | D:3      | Found a glowing golden altar of the Shining One.
  1851 | D:3      | Paralysed by fainting for 5 turns
  1880 | D:3      | Noticed a big kobold
  1893 | D:3      | HP: 1/44 [big kobold/short sword (7)]
  1893 | D:3      | Slain by a leopard gecko

Skill      XL: |  1  2 |
---------------+-------+-----
Maces & Flails | 3 |  3.8
Fighting       | |  2.7
Dodging        | |  2.7
Stealth        | |  1.4

Action                   |  1- 3 |  4- 6 || total
-------------------------+-------+-------++-------
Melee: Mace              |   133 |    39 ||   172
 Stab: Sleeping          |     9 |       ||     9
       Paralysed         |       |     2 ||     2
  Eat: Bread ration      |     1 |     2 ||     3
       Chunk             |     3 |       ||     3
Armor: Robe              |    74 |    12 ||    86
Dodge: Dodged            |   108 |    17 ||   125
